 Dungeon Crawl Stone Soup version 0.29.0-4-gdea44cf6ec (webtiles) character file.

Game seed: 15206371043112774980

1 qw the Firebug (level 1, -1/14 HPs)
             Began as a Ghoul Fire Elementalist on Aug 29, 2022.
             Slain by a kobold
             ... wielding a +0 club
              (2 damage)
             ... on level 1 of the Dungeon.
             The game lasted 00:00:05 (35 turns).

qw the Firebug (Ghoul Fire Elementalist)              Turns: 35, Time: 00:00:05

Health: -1/14      AC:  2    Str: 11    XL:     1   Next: 20%
Magic:  2/2        EV: 12    Int: 10    God:
Gold:   11         SH:  0    Dex:  9    Spells: 2/3 levels left

rFire   . . .      SeeInvis .   (no weapon)
rCold   + . .      Faith    .   (no shield)
rNeg    + + +      Spirit   .   a - +0 robe
rPois   inf        Reflect  .   (no helmet)
rElec   .          Harm     .   (no cloak)
rCorr   .          Rampage  .   (no gloves)
Will    .....                   (no boots)
Stlth   ++........              (no amulet)
HPRegen 0.00/turn               (no ring)
MPRegen 0.08/turn               (no ring)

@: inhibited regen
A: claws 1, cold resistance 1, negative energy resistance 3, inhibited
regeneration, torment resistance 2, devour on kill
a: no special abilities


You were on level 1 of the Dungeon.
You visited 1 branch of the dungeon, and saw 1 of its levels.

You collected 11 gold pieces.


Innate Abilities, Weirdness & Mutations

You are immune to poison.
You have sharp fingernails.
Your flesh is cold resistant. (rC+)
You are immune to negative energy. (rN+++)
You do not regenerate when monsters are visible.
You are immune to unholy pain and torment.
You thrive by killing the living.


   Skills:
 - Level 1.7 Dodging
 - Level 2.1 Stealth
 + Level 0.4 Unarmed Combat
 - Level 1.7 Spellcasting
 - Level 0.7 Conjurations
 - Level 2.4 Fire Magic


You had 2 spell levels left.
You knew the following spells:

 Your Spells              Type           Power      Damage    Failure   Level
a - Foxfire               Conj/Fire      16%        2x1d4     17%         1

Your spell library contained the following spells:

 Spells                   Type           Power      Damage    Failure   Level
 Scorch                   Fire           10%        2d6       19%         2
 Conjure Flame            Conj/Fire      4%         6-21      45%         3
 Inner Flame              Hex/Fire       3%         N/A       52%         3
 Flame Wave               Conj/Fire      4%         2d5       86%         4

Inventory:

Armour
 a - a +0 robe (worn)
Scrolls
 c - 3 scrolls of teleportation {unknown}
Potions
 b - a potion of magic

Dungeon Overview and Level Annotations

Branches:
Dungeon (1/15)

Altars:


Message History

You closely miss the goblin. The goblin barely misses you.
You scratch the goblin.
The goblin is heavily wounded.
An endoplasm comes into view.
The goblin barely misses you.
22 ||| Stepping ~*~*~tactically~*~*~ (stealth).
23 ||| Stepping ~*~*~tactically~*~*~ (stealth).
The goblin attacks as you move away! The goblin hits you with a +0 dagger.
You scratch the goblin.
The goblin is severely wounded.
The goblin hits you with a +0 dagger.
You miss the goblin.
The goblin is severely wounded.
The goblin hits you with a +0 dagger.
26 ||| Stepping ~*~*~tactically~*~*~ (outnumbered).
The kobold attacks as you move away! The kobold closely misses you.
The kobold throws a stone.
The stone hits you but does no damage.
You miss the goblin.
The goblin is severely wounded.
The goblin barely misses you.
28 ||| Stepping ~*~*~tactically~*~*~ (outnumbered).
The goblin attacks as you move away! The goblin hits you with a +0 dagger.
The kobold throws a stone.
The stone barely misses you.
You scratch the goblin.
You kill the goblin!
You feel better.
The kobold throws a stone.
The stone barely misses you.
The kobold throws a stone.
The stone hits you.
You barely miss the kobold. The kobold barely misses you.
You completely miss the kobold. The kobold misses you.
You scratch the kobold.
The kobold is heavily wounded.
The kobold completely misses you.
You closely miss the kobold.
The kobold is heavily wounded.
The kobold hits you with a +0 club.
You die...

##...##
##.....##
##.......##
##.........+#
##...........##
#.............#
#.............#
#......<......#
#......@K.....#
#.......).....#
##...........##
##.........##
#+.......'#
##.....##.......
###.### .$.....
#.# .....J. #.
.......


You could see a kobold.

Vanquished Creatures
  A goblin (D:1)
1 creature vanquished.

Notes
Turn   | Place    | Note
-------+----------+-------------------------------------------
     0 | D:1      | qw the Ghoul Fire Elementalist began the quest for the Orb.
     0 | D:1      | Reached XP level 1. HP: 14/14 MP: 2/2
     0 | D:1      | 0 ||| qw: Version: 0.1-a-90-g952f4b7
     0 | D:1      | 0 ||| qw: Game counter: 4007
     0 | D:1      | 0 ||| qw: Always use a shield: true
     0 | D:1      | 0 ||| qw: God list: Okawaru
     0 | D:1      | 0 ||| qw: Allow faded altars: false
     0 | D:1      | 0 ||| qw: Do Orc after D:15 true
     0 | D:1      | 0 ||| qw: Do second Lair branch before Depths: true
     0 | D:1      | 0 ||| qw: Lair rune preference: random
     0 | D:1      | 0 ||| qw: Plans: Normal
     0 | D:1      | 0 ||| PLANNING D:1-11
    22 | D:1      | 22 ||| Stepping ~*~*~tactically~*~*~ (stealth).
    23 | D:1      | 23 ||| Stepping ~*~*~tactically~*~*~ (stealth).
    26 | D:1      | 26 ||| Stepping ~*~*~tactically~*~*~ (outnumbered).
    28 | D:1      | 28 ||| Stepping ~*~*~tactically~*~*~ (outnumbered).
    28 | D:1      | HP: 1/14 [goblin/+0 dagger (4)]
    35 | D:1      | Slain by a kobold

Levels and vault maps discovered:
D:1:      lemuel_arrival_rhombus, layout_basic, minmay_misc_feat_cross

Action                   || total
-------------------------++-------
Melee: Unarmed           ||    10
Armor: Robe              ||     1
Dodge: Dodged            ||    10

Table legend:
 A = Non-vault XP
 B = Vault XP
 C = Vault XP percentage of total XP
 D = Non-vault monster count
 E = Vault monster count
 F = Vault count percentage of total count
                 A         B        C        D         E       F
            +---------+---------+-------+---------+---------+-------
      Total |       2 |       0 |   0.0 |       1 |       0 |   0.0
            +---------+---------+-------+---------+---------+-------
        D:1 |       2 |       0 |   0.0 |       1 |       0 |   0.0
            +---------+---------+-------+---------+---------+-------
